 Dungeon Crawl Stone Soup version 0.21.0-3-g78d12a8 (webtiles) character file.

168 Lanoc the Insei (level 5, -1/41 HPs)
             Began as a Gnoll Wanderer on Jan 9, 2018.
             Slain by Sigmund
             ... wielding a +1 scythe of venom
              (12 damage)
             ... on level 3 of the Dungeon.
             The game lasted 00:04:40 (1283 turns).

Lanoc the Insei (Gnoll Wanderer)                    Turns: 1283, Time: 00:04:40

Health: -1/41      AC:  6    Str: 13    XL:     5   Next: 48%
Magic:  7/7        EV: 11    Int: 13    God:
Gold:   77         SH:  0    Dex: 18    Spells: 6/6 levels left

rFire    . . .     SeeInvis .     - Unarmed
rCold    . . .     Gourm    .   (no shield)
rNeg     . . .     Faith    .   d - +0 ring mail
rPois    .         Spirit   .   (no helmet)
rElec    .         Reflect  .   (no cloak)
rCorr    .         Harm     .   (no gloves)
MR       .....                  (no boots)
Stlth    ++........             a - amulet of magic regeneration
HPRegen  0.13/turn              (no ring)
MPRegen  0.35/turn              (no ring)

@: lethally poisoned (-1 -> -17)
A: distributed training, fangs 1, strong nose
a: no special abilities


You were on level 3 of the Dungeon.
You were not hungry.

You visited 1 branch of the dungeon, and saw 3 of its levels.

You collected 77 gold pieces.

Inventory:

Hand Weapons
 e - a +0 dagger
 k - a +0 hand axe of chopping
Missiles
 j - 26 sling bullets
Armour
 d - a +0 ring mail (worn)
Jewellery
 a - an amulet of magic regeneration (around neck)
Scrolls
 b - 2 scrolls of blinking
 c - a scroll of fog {unknown}
 g - a scroll of identify {unknown}
Books
 i - a book of Cantrips

   Spells                             Type                      Level
   a - Confusing Touch                Hexes                        1
   b - Animate Skeleton               Necromancy                   1
   c - Summon Small Mammal            Summoning                    1
   d - Apportation                    Translocation                1
Comestibles
 f - 2 rations
 h - 8 chunks of flesh


   Skills:
 + Level 3.0 Fighting
 + Level 1.4 Short Blades
 + Level 1.4 Long Blades
 + Level 3.0 Axes
 + Level 1.4 Maces & Flails
 + Level 1.4 Polearms
 + Level 1.4 Staves
 + Level 1.4 Slings
 + Level 1.4 Bows
 + Level 1.4 Crossbows
 + Level 3.0 Throwing
 + Level 6.7 Armour
 + Level 1.4 Dodging
 + Level 2.7 Stealth
 + Level 1.4 Shields
 + Level 6.7 Unarmed Combat
 + Level 1.4 Spellcasting
 + Level 1.1 Conjurations
 + Level 1.1 Hexes
 + Level 1.1 Charms
 + Level 1.1 Summonings
 + Level 1.1 Necromancy
 + Level 1.1 Translocations
 + Level 1.1 Transmutations
 + Level 1.1 Fire Magic
 + Level 1.1 Ice Magic
 + Level 1.1 Air Magic
 + Level 1.1 Earth Magic
 + Level 1.1 Poison Magic
 + Level 1.6 Invocations
 + Level 1.4 Evocations


You had 6 spell levels left.
You didn't know any spells.

Dungeon Overview and Level Annotations

Branches:
Dungeon (3/15)

Altars:
Okawaru

Annotations:
D:3 Sigmund


Innate Abilities, Weirdness & Mutations

Your experience applies equally to all skills.
You have very sharp teeth.
Your uncanny sense of smell can sniff out nearby items.


Message History

You are too injured to fight recklessly!
You closely miss something.
You feel sick.
The kobold throws a stone.
The stone barely misses you.
You hear some strange, mumbled words.
A puff of flame appears from out of thin air!
The puff of flame misses you.
You miss something. Your bite misses something.
You feel sick. Something hits you but does no damage.
The kobold throws a stone.
You miss something. You bite something.
You feel sick.
The kobold throws a stone.
The stone closely misses you.
You aren't carrying any potions.
You miss something.
You feel sick. Something hits you.
You are lethally poisoned!
You miss something. Your bite misses something.
* * * LOW HITPOINT WARNING * * *
You feel sick.
You hit something. Your bite misses something.
* * * LOW HITPOINT WARNING * * *
You feel sick. Something hits you!
You die...

#.#.#.
#..###.###
...#.##...##.# ∆
.........#.#
######.##..#.#.#
...............#
######.########
#######.#
#(......#
#@####### #{#
#######K####
#.....(g...#
#$........$#
#..........#
#........[.# ∆
#..........#
#..........#


You could see a goblin and a kobold.

Vanquished Creatures
  A sky beast (D:2)
  An adder (D:2)
  An ooze (D:2)
  3 worms (D:2)
  A dart slug (D:2)
  2 leopard geckos (D:2)
  9 orcs
  A ball python (D:3)
  5 giant cockroaches
  4 goblins
  6 hobgoblins
  5 bats
  2 frilled lizards (D:1)
  2 kobolds
  A rat (D:1)
44 creatures vanquished.

Notes
Turn   | Place    | Note
-------+----------+-------------------------------------------
     0 | D:1      | Lanoc the Gnoll Wanderer began the quest for the Orb.
     0 | D:1      | Lanoc set off with: a potion of heal wounds, a scroll of blinking, a potion of curing, a +0 ring mail, a +0 dagger, a ration
     0 | D:1      | Reached XP level 1. HP: 17/17 MP: 1/1
    42 | D:1      | Reached XP level 2. HP: 6/23 MP: 2/2
   432 | D:2      | Reached XP level 3. HP: 21/28 MP: 3/3
   529 | D:2      | Reached skill level 1 in Invocations
   534 | D:2      | Noticed a sky beast
   562 | D:2      | Killed a sky beast
   562 | D:2      | Reached skill level 1 in Short Blades
   562 | D:2      | Reached skill level 1 in Long Blades
   562 | D:2      | Reached skill level 1 in Maces & Flails
   562 | D:2      | Reached skill level 1 in Polearms
   562 | D:2      | Reached skill level 1 in Staves
   562 | D:2      | Reached skill level 1 in Slings
   562 | D:2      | Reached skill level 1 in Bows
   562 | D:2      | Reached skill level 1 in Crossbows
   562 | D:2      | Reached skill level 1 in Dodging
   562 | D:2      | Reached skill level 1 in Shields
   562 | D:2      | Reached skill level 1 in Spellcasting
   562 | D:2      | Reached skill level 1 in Conjurations
   562 | D:2      | Reached skill level 1 in Hexes
   562 | D:2      | Reached skill level 1 in Charms
   562 | D:2      | Reached skill level 1 in Summonings
   562 | D:2      | Reached skill level 1 in Necromancy
   562 | D:2      | Reached skill level 1 in Translocations
   562 | D:2      | Reached skill level 1 in Transmutations
   562 | D:2      | Reached skill level 1 in Fire Magic
   562 | D:2      | Reached skill level 1 in Ice Magic
   562 | D:2      | Reached skill level 1 in Air Magic
   562 | D:2      | Reached skill level 1 in Earth Magic
   562 | D:2      | Reached skill level 1 in Poison Magic
   562 | D:2      | Reached skill level 1 in Evocations
   562 | D:2      | Reached XP level 4. HP: 13/34 MP: 4/6
   562 | D:2      | Reached XP level 5. HP: 16/40 MP: 4/7
   901 | D:2      | Found an iron altar of Okawaru.
  1251 | D:3      | Noticed Sigmund
  1283 | D:3      | Slain by Sigmund

Skill      XL: |  1  2  3  4  5 |
---------------+----------------+-----
Invocations    | 1 |  1.6
Short Blades   | 1 |  1.4
Long Blades    | 1 |  1.4
Maces & Flails | 1 |  1.4
Polearms       | 1 |  1.4
Staves         | 1 |  1.4
Slings         | 1 |  1.4
Bows           | 1 |  1.4
Crossbows      | 1 |  1.4
Dodging        | 1 |  1.4
Shields        | 1 |  1.4
Spellcasting   | 1 |  1.4
Conjurations   | 1 |  1.1
Hexes          | 1 |  1.1
Charms         | 1 |  1.1
Summonings     | 1 |  1.1
Necromancy     | 1 |  1.1
Translocations | 1 |  1.1
Transmutations | 1 |  1.1
Fire Magic     | 1 |  1.1
Ice Magic      | 1 |  1.1
Air Magic      | 1 |  1.1
Earth Magic    | 1 |  1.1
Poison Magic   | 1 |  1.1
Evocations     | 1 |  1.4
Fighting       | 3 |  3.0
Axes           | 3 |  3.0
Throwing       | 3 |  3.0
Armour         | |  6.7
Stealth        | |  2.7
Unarmed Combat | |  6.7

Action                   |  1- 3 |  4- 6 || total
-------------------------+-------+-------++-------
Melee: Unarmed           |    98 |    85 ||   183
       Punch             |     5 |     4 ||     9
       Bite              |     6 |    11 ||    17
  Use: Potion            |     3 |       ||     3
       Scroll            |     1 |       ||     1
  Eat: Chunk             |       |     1 ||     1
Armor: Ring mail         |    44 |    34 ||    78
Dodge: Dodged            |    44 |    52 ||    96
